 Dungeon Crawl Stone Soup version 0.29.1-1-gd02db6906a (webtiles) character file.

Game seed: 3472553579309757141

100 hawla the Firebug (level 5, -6/39 HPs)
             Began as a Meteoran Fire Elementalist on Oct 11, 2022.
             Mangled by an orc priest
             ... wielding a +0 morningstar
              (12 damage)
             ... on level 3 of the Dungeon.
             The game lasted 00:05:27 (1184 turns).

hawla the Firebug (Meteoran Fire Elementalist)      Turns: 1184, Time: 00:05:28

Health: -6/39      AC:  2    Str: 10    XL:     5   Next: 25%
Magic:  5/10       EV: 12    Int: 18    God:
Gold:   98         SH:  0    Dex: 14    Spells: 7/10 levels left

rFire   . . .      SeeInvis .   g - staff of death
rCold   . . .      Faith    .   (no shield)
rNeg    + . .      Spirit   .   a - +0 robe
rPois   .          Reflect  .   (no helmet)
rElec   .          Harm     .   (no cloak)
rCorr   .          Rampage  .   (no gloves)
Will    .....                   (no boots)
Stlth   +.........              (no amulet)
HPRegen 0.13/turn               (no ring)
MPRegen 0.12/turn               (no ring)

@: glowing
A: sense surroundings 1, otherworldly, glowing, explore regen
a: no special abilities


You were on level 3 of the Dungeon.
You visited 1 branch of the dungeon, and saw 3 of its levels.

You collected 98 gold pieces.

Inventory:

Armour
 a - a +0 robe (worn)
Magical Staves
 g - a staff of death (weapon)
Scrolls
 l - a scroll of vulnerability
Potions
 e - a potion of haste
 f - 2 potions of lignification {unknown}
 h - a potion of mutation
 i - a potion of degeneration {unknown}
 k - a potion of might {unknown}
 m - a potion of invisibility {unknown}


   Skills:
 + Level 0.3 Fighting
 + Level 2.7 Dodging
 - Level 1.4 Stealth
 + Level 3.3 Spellcasting
 + Level 1.6 Conjurations
 + Level 2.0 Necromancy
 + Level 4.6 Fire Magic
 + Level 2.0 Evocations


You had 7 spell levels left.
You knew the following spells:

 Your Spells              Type           Power      Damage    Failure   Level
a - Foxfire               Conj/Fire      56%        2x1d6     4%          1
b - Scorch                Fire           38%        2d6       3%          2

Your spell library contained the following spells:

 Spells                   Type           Power      Damage    Failure   Level
 Conjure Flame            Conj/Fire      14%        6-21      13%         3
 Inner Flame              Hex/Fire       11%        N/A       19%         3
 Flame Wave               Conj/Fire      14%        2d6       41%         4


Dungeon Overview and Level Annotations

Branches:
Dungeon (3/15) Zot: 550

Altars:

Annotations:
D:2 1 runed translucent door, Crazy Yiuf


Innate Abilities, Weirdness & Mutations

You passively map a small area around you.
You are easily found by Zot.
You glow in the dark.
You regain HP and MP as you explore.


Message History

The orc hits you with a +0 vorpal hand axe.
* * * LOW HITPOINT WARNING * * *
x2 A bat comes into view.
You feel better.
An orc wizard comes into view. It is wielding a +0 dagger.
Casting: Foxfire (safe; 4% risk of failure)
Confirm with . or Enter, or press ? or * to list all spells.
You don't know that spell.
Casting: Foxfire (safe; 4% risk of failure)
Confirm with . or Enter, or press ? or * to list all spells.
Flames lash the orc but do no damage.
The orc wizard shouts!
The orc priest closely misses you. The orc closely misses you.
The orc wizard gestures wildly while chanting.
The orc wizard flickers and vanishes!
Deactivating autopickup; reactivate with Ctrl-A.
The orc hits you but does no damage.
Casting: Scorch (safe; 3% risk of failure)
Confirm with . or Enter, or press ? or * to list all spells.
You conjure some foxfire!
The orc priest completely misses you. The orc closely misses you.
The orc closely misses your foxfire.
The foxfire hits the orc.
The orc is severely wounded.
The orc hits you with a +0 whip.
* * * LOW HITPOINT WARNING * * *
Casting: Foxfire (safe; 4% risk of failure)
Confirm with . or Enter, or press ? or * to list all spells.
Flames lash the orc priest.
The orc priest is severely wounded.
The orc priest's fire resistance burns away.
The foxfire hits the orc.
The orc is severely wounded.
The orc priest hits you with a +0 morningstar!
* * * LOW HITPOINT WARNING * * *
Casting: Scorch (safe; 3% risk of failure)
Confirm with . or Enter, or press ? or * to list all spells.
Okay, then.
You feel better.
The orc priest hits you with a +0 morningstar!
You die...

* ...=.)...## #.#
.####.))..#######.#
................#.#
.####..$..##....<.#
, * ##...###.##.###
* ##b## #.##.# ,.,
#o# #.##.#
#...###o####.##.# *
, ......o@o........
,,
#...##o.........#
** ## #...###.#..#
* ,....# #.#..# , ,
*####.# *, <# * , *
.# *, * * * .# * ,
, ,


You could see an orc priest (combustible), 4 orcs and a bat.

Vanquished Creatures
  An orc priest (D:3)
  2 adders (D:2)
  A worm (D:2)
  3 dart slugs
  2 orcs (D:3)
  6 bats
  4 endoplasms
  A giant cockroach (D:2)
  3 goblins (D:2)
  A hobgoblin (D:2)
  4 kobolds (D:1)
  3 quokkas
  4 ball pythons
  4 frilled lizards
  2 rats (D:2)
41 creatures vanquished.

Vanquished Creatures (collateral kills)
  4 foxfires (D:2)
4 creatures vanquished.

Vanquished Creatures (others)
  68 foxfires
  19 plants (D:2)
87 creatures vanquished.

Grand Total: 132 creatures vanquished

Notes
Turn   | Place    | Note
-------+----------+-------------------------------------------
     0 | D:1      | hawla the Meteoran Fire Elementalist began the quest for
                  | the Orb.
     0 | D:1      | Reached XP level 1. HP: 14/14 MP: 5/5
    11 | D:1      | Found a faded altar of an unknown god.
    37 | D:1      | Reached XP level 2. HP: 19/20 MP: 0/6
    52 | D:1      | Reached skill level 4 in Fire Magic
   217 | D:1      | Reached XP level 3. HP: 10/26 MP: 6/8
   241 | D:1      | Learned a level 2 spell: Scorch
   500 | D:1      | Glimpsed the power of Zot.
   738 | D:2      | Reached skill level 1 in Necromancy
   738 | D:2      | Reached skill level 1 in Evocations
   751 | D:2      | Reached XP level 4. HP: 29/33 MP: 5/9
   852 | D:2      | Found a runed translucent door.
   853 | D:2      | Noticed Crazy Yiuf
  1049 | D:2      | Glimpsed the power of Zot.
  1097 | D:2      | Glimpsed the power of Zot.
  1134 | D:2      | Glimpsed the power of Zot.
  1162 | D:3      | Reached XP level 5. HP: 14/38 MP: 2/10
  1178 | D:3      | HP: 1/39 [orc/+0 vorpal hand axe (1)]
  1183 | D:3      | HP: 1/39 [orc priest/+0 morningstar (9)]
  1184 | D:3      | Mangled by an orc priest

Illustrated notes

Levels and vault maps discovered:
D:1:      dpeg_arrival_tiny_c, layout_basic,
          shapermc_ecumenical_altar_totnotflames, minmay_tree_intersection,
          hex_large
D:2:      layout_loops_ring, serial_bayou, serial_bayou_lake_a,
          serial_bayou_ford_a, serial_bayou_lagoon_a, serial_bayou_shore_b,
          minmay_split_cup_large, uniq_crazy_yiuf_cottage
D:3:      layout_loops_ring, doesnt_xom_only_xom

Skill      XL: |  1  2  3  4 |
---------------+-------------+-----
Fire Magic     | 4 |  4.6
Necromancy     | 1 2 |  2.0
Evocations     | 1 2 |  2.0
Spellcasting   | 3 |  3.3
Fighting       | |  0.3
Dodging        | |  2.7
Stealth        | |  1.4
Conjurations   | |  1.6

Action                   |  1- 3 |  4- 6 || total
-------------------------+-------+-------++-------
Melee: Unarmed           |     8 |       ||     8
       Staff             |     9 |     3 ||    12
 Cast: Foxfire           |    31 |    16 ||    47
       Scorch            |     7 |    13 ||    20
  Use: Scroll            |       |     4 ||     4
       Potion            |       |     4 ||     4
Armor: Robe              |     6 |     3 ||     9
Dodge: Dodged            |    21 |    14 ||    35
